 Dungeon Crawl Stone Soup version 0.25.1-9-gc5326a611f (webtiles) character file.

Game seed: 11618503488486748632

79 alasdair19 the Slasher (level 4, 0/27 HPs)
             Began as a Gargoyle Gladiator on Dec 15, 2021.
             Slain by Crazy Yiuf
             ... wielding a +2 quarterstaff of chaos
              (5 damage)
             ... on level 2 of the Dungeon on Jan 26, 2022.
             The game lasted 00:17:38 (2310 turns).

alasdair19 the Slasher (Gargoyle Gladiator)         Turns: 2310, Time: 00:17:39

Health: 0/27       AC: 10    Str: 19    XL:     4   Next: 37%
Magic:  0/4        EV: 11    Int:  8    God:
Gold:   54         SH:  0    Dex: 11    Spells: 3/3 levels left

rFire    . . .     SeeInvis .   a - +0 long sword
rCold    . . .     Gourm    .   (no shield)
rNeg     + . .     Faith    .   k - +0 ring mail
rPois    ∞         Spirit   .   c - +0 helmet
rElec    +         Reflect  .   (no cloak)
rCorr    .         Harm     .   (no gloves)
MR       .....                  (no boots)
Stlth    +.........             (no amulet)
HPRegen  0.09/turn              (no ring)
MPRegen  0.09/turn              (no ring)

@: no status effects
A: negative energy resistance 1, electricity resistance, unbreathing,
petrification resistance, rot immunity, AC +3
a: no special abilities


You were on level 2 of the Dungeon.
You were not hungry.

You visited 1 branch of the dungeon, and saw 2 of its levels.

You collected 54 gold pieces.

Inventory:

Hand Weapons
 a - a +0 long sword (weapon)
 o - a +0 long sword
 s - a +0 hunting sling
Missiles
 e - 57 stones (quivered)
 v - 10 poisoned darts
Armour
 b - a +0 leather armour
 c - a +0 helmet (worn)
 k - a +0 ring mail (worn)
Jewellery
 l - a +4 ring of slaying {unknown}
Scrolls
 h - a scroll of fear {unknown}
 i - 3 scrolls of identify {unknown}
 j - a scroll of immolation {unknown}
 q - a scroll of amnesia {unknown}
 r - a scroll of enchant weapon {unknown}
 t - a scroll of teleportation {unknown}
 u - a scroll of remove curse {unknown}
Potions
 d - 2 potions of lignification {unknown}
 g - 2 potions of cancellation {unknown}
 m - a potion of mutation {unknown}
 n - a potion of haste {unknown}
 w - a potion of heal wounds {unknown}
Comestibles
 f - 3 rations


   Skills:
 + Level 2.8 Fighting
 + Level 3.2 Long Blades
 + Level 2.3 Throwing
 + Level 1.7 Armour
 + Level 2.7 Dodging


You had 3 spell levels left.
You didn't know any spells.
Your spell library was empty.

Dungeon Overview and Level Annotations

Branches:
Dungeon (2/15)

Altars:
Fedhas
Trog

Annotations:
D:2 Crazy Yiuf


Innate Abilities, Weirdness & Mutations

You are resistant to torment.
Your stone body is resilient. (AC +3)
You are immune to poison.
You resist negative energy. (rN+)
You are resistant to electric shocks. (rElec)
You can survive without breathing.
You are immune to petrification.
You are immune to rotting.


Message History

* * * LOW HITPOINT WARNING * * *
You see here a glowing mace.
You see here a mace.
You see here a glowing mace.
Crazy Yiuf grits, "Mama!"
Crazy Yiuf barely misses you.
Press: ? - help, v - describe, . - travel The floor.
Crazy Yiuf is nearby!
Crazy Yiuf cries, "You leg down broken song, no?"
Crazy Yiuf hits you with a +2 quarterstaff of chaos.
* * * LOW HITPOINT WARNING * * *
You feel your power leaking away.
Crazy Yiuf cries, "Orb sanguine action!"
You see here a runed spear.
Crazy Yiuf says, "Fire!"
Crazy Yiuf screams, "Key!"
Crazy Yiuf whimpers, "Rifle agre pontify!"
Crazy Yiuf hits you with a +2 quarterstaff of chaos.
You die...

#####
#####...##
#.g..)...##
#@####....#
#.# ##..##
#.# ♣....♣
#.# ♣♣..)♣
#.# ♣♣)♣♣
#.# ♣♣)♣
#.# ♣)♣♣
#.# ♣♣)♣
########
####.# ♣(♣♣


You could see Crazy Yiuf.

Vanquished Creatures
  5 adders (D:2)
  A leopard gecko (D:2)
  A ball python (D:1)
  3 giant cockroaches (D:1)
  5 goblins
  3 hobgoblins
  A kobold (D:1)
  2 quokkas (D:2)
  7 bats
  2 frilled lizards
  4 rats
  2 plants (D:2)
36 creatures vanquished.

Notes
Turn   | Place    | Note
-------+----------+-------------------------------------------
     0 | D:1      | alasdair19 the Gargoyle Gladiator began the quest for the
                  | Orb.
     0 | D:1      | Reached XP level 1. HP: 12/12 MP: 1/1
    59 | D:1      | Reached XP level 2. HP: 13/17 MP: 2/2
   835 | D:2      | Reached skill level 3 in Long Blades
   844 | D:2      | Found a bloodstained altar of Trog.
   896 | D:2      | Reached skill level 1 in Armour
   896 | D:2      | Reached XP level 3. HP: 16/21 MP: 3/3
  1247 | D:2      | Found a blossoming altar of Fedhas.
  1641 | D:2      | Paralysed by fainting for 12 turns
  1657 | D:2      | Paralysed by fainting for 5 turns
  1689 | D:2      | Paralysed by fainting for 10 turns
  1977 | D:2      | Reached XP level 4. HP: 24/27 MP: 4/4
  2286 | D:2      | Found a runed translucent door.
  2287 | D:2      | Noticed Crazy Yiuf
  2310 | D:2      | Slain by Crazy Yiuf

Illustrated notes

Levels and vault maps discovered:
D:1:      dpeg_arrival_rooms_c, layout_basic
D:2:      layout_rooms, marbit_many_paths, fedhas_altar_1, bloody_trog,
          first_ration, serial_glass, glass_columns_b, glass_columns_a,
          feat_on_display, uniq_crazy_yiuf_cottage

Skill      XL: |  1  2 |
---------------+-------+-----
Long Blades    | 3 |  3.2
Throwing       | 2 |  2.3
Armour         | 1 |  1.7
Fighting       | |  2.8
Dodging        | |  2.7

Action                   |  1- 3 |  4- 6 || total
-------------------------+-------+-------++-------
Melee: Long sword        |   185 |    12 ||   197
 Fire: Hunting sling     |       |     4 ||     4
Throw: Throwing net      |     3 |       ||     3
       Stone             |    24 |     3 ||    27
  Eat: Ration            |     1 |       ||     1
       Chunk             |       |     1 ||     1
Armor: Leather armour    |    52 |       ||    52
       Ring mail         |    56 |    11 ||    67
Dodge: Dodged            |   119 |     8 ||   127
       Rpst.: Long sword |    35 |     3 ||    38
